 Dungeon Crawl Stone Soup version 0.28.0-45-g0d030f2227 (webtiles) character file.

Game seed: 4070903328971181722

835 Peloso the Slasher (level 7, -7/60 (61) HPs)
             Began as a Minotaur Fighter on Apr 20, 2022.
             Mangled by an ogre
             ... wielding a +0 giant club
              (16 damage)
             ... on level 4 of the Dungeon.
             The game lasted 00:08:24 (4807 turns).

Peloso the Slasher (Minotaur Fighter)               Turns: 4807, Time: 00:08:25

HP:   -7/60 (61)    AC: 11    Str: 21    XL:     7   Next: 66%
MP:   6/6           EV:  8    Int:  5    God:
Gold: 165           SH:  5    Dex: 11    Spells: 6/6 levels left

rFire   . . .      SeeInvis .   a - +0 long sword
rCold   . . .      Faith    .   c - +0 buckler
rNeg    . . .      Spirit   .   o - +0 chain mail
rPois   .          Reflect  .   (helmet restricted)
rElec   .          Harm     .   (no cloak)
rCorr   .          Rampage  .   m - +0 pair of gloves
Will    .....                   (no boots)
Stlth   ..........              (no amulet)
HPRegen 0.20/turn               (no ring)
MPRegen 0.10/turn               (no ring)

@: lightly drained
A: horns 2, retaliatory headbutt
a: no special abilities


You were on level 4 of the Dungeon.
You visited 1 branch of the dungeon, and saw 5 of its levels.

You collected 165 gold pieces.

Inventory:

Hand Weapons
 a - a +0 long sword (weapon)
Missiles
 h - a throwing net (quivered)
Armour
 b - a +0 scale mail
 c - a +0 buckler (worn)
 j - the +4 hat "Feuh" {Rampage Fly Dex-4}
   (You found it on level 3 of the Dungeon)

   Dex:       It affects your dexterity (-4).
   Fly:       It grants you flight.
   Rampage:   It bestows one free step when moving towards enemies.
 m - a +0 pair of gloves (worn)
 o - a +0 chain mail (worn)
Jewellery
 f - an amulet of faith
Wands
 n - a wand of paralysis (6)
 s - a wand of digging (6)
 v - a wand of iceblast (8)
Scrolls
 e - a scroll of acquirement
 l - a scroll of identify
 p - a scroll of teleportation
 t - a scroll of torment {unknown}
Potions
 d - a potion of might
 g - 4 potions of mutation
 i - 2 potions of experience
 k - a potion of brilliance {unknown}
 q - a potion of flight {unknown}
 r - a potion of curing {unknown}
 u - a potion of attraction {unknown}


   Skills:
 + Level 5.2 Fighting
 + Level 7.2 Long Blades
 + Level 6.7 Armour
 + Level 1.2 Dodging
 + Level 0.8 Stealth
 + Level 4.6 Shields
 + Level 0.1 Evocations


You had 6 spell levels left.
You didn't know any spells.
Your spell library contained the following spells:

 Spells                   Type           Power      Damage    Failure   Level
 Gell's Gravitas          Tloc           0%         N/A       100%        3
 Lesser Beckoning         Tloc           0%         N/A       100%        3
 Teleport Other           Tloc           0%         N/A       100%        3


Dungeon Overview and Level Annotations

Branches:
Dungeon (5/15)
 Temple: D:4-7

Altars:
Sif Muna
Trog

Shops:
D:1 (

Annotations:
D:3 1 runed translucent door, Crazy Yiuf


Innate Abilities, Weirdness & Mutations

You have a pair of horns on your head.
You reflexively headbutt those who attack you in melee.


Message History

You closely miss the orc priest. You headbutt the orc priest!
The orc priest is heavily wounded.
The orc priest hits you but does no damage.
You slash the orc priest!
You kill the orc priest!
Things that are here:
a +0 flail; a +0 leather armour; an orc corpse
Things that are here:
a +0 flail; a +0 leather armour; an orc corpse
There is a stone staircase leading down here.
Things that are here:
a +0 flail; a +0 leather armour; an orc corpse
Things that are here:
a +0 flail; a +0 leather armour; an orc corpse
There is a stone staircase leading down here.
You climb downwards.
The ogre barely misses you. The orc hits you but does no damage.
The orc wizard mumbles some strange words.
The orc wizard flickers and vanishes!
Deactivating autopickup; reactivate with Ctrl-A.
You block the orc's attack.
There is a stone staircase leading up here.
The ogre hits you with a +0 giant club! The orc hits you but does no damage.
You climb upwards.
Reactivating autopickup.
There is a stone staircase leading down here.
The ogre misses you. The orc barely misses you.
You barely miss the ogre. The ogre hits you with a +0 giant club!
You hit the ogre but do no damage. You headbutt the ogre!
The ogre is moderately wounded.
The ogre closely misses you. You furiously retaliate!
You headbutt the ogre, but do no damage.
You hit the ogre.
You headbutt the ogre, but do no damage.
The ogre is moderately wounded.
The ogre hits you with a +0 giant club!
* * * LOW HITPOINT WARNING * * *
Okay, then.
The ogre hits you with a +0 giant club!
You die...

.#...............................
.#..........................#####
.#.................[.............
.#................>..............
.#..........................#####
.#.#)###.........######.#####
.#.#.# #.####.##.# #.#
.#.#)###.####.##.# #.#
.#.....#.##.#.##@# #)#
..........#.#.##O# #.#
............#.##o# #.#
###########.#.##.# #.# #.#.##.#
#.# #.#....# #.# #.###### #.# #.#
#.# #.# #.#


You could see an ogre and an orc.

Vanquished Creatures
  Duvessa (D:4)
  2 black bears
  Blork the orc (D:5)
  A water moccasin zombie (D:5)
  Dowan (D:4)
  A jelly (D:5)
  An orc priest (D:4)
  An orc wizard (D:3)
  Robin (D:3)
  8 adders
  8 gnolls
  An ufetubus (D:5)
  An adder skeleton (D:4)
  3 worms
  3 dart slugs
  10 orcs
  5 ball pythons
  15 endoplasms
  3 giant cockroaches
  16 goblins
  7 hobgoblins
  2 jackals (D:2)
  6 kobolds
  4 quokkas
  5 bats
  5 frilled lizards
  A quokka skeleton (D:4)
  4 rats
117 creatures vanquished.

Notes
Turn   | Place    | Note
-------+----------+-------------------------------------------
     0 | D:1      | Peloso the Minotaur Fighter began the quest for the Orb.
     0 | D:1      | Reached XP level 1. HP: 19/19 MP: 0/0
   317 | D:1      | Reached XP level 2. HP: 20/27 MP: 1/1
   503 | D:1      | Found a faded altar of an unknown god.
   622 | D:1      | Found Awotogaxta's Antique Weapon Emporium.
   626 | D:1      | Reached XP level 3. HP: 30/33 MP: 2/2
   838 | D:1      | Identified a scroll of acquirement
   857 | D:2      | Found a shimmering blue altar of Sif Muna.
   970 | D:2      | Reached skill level 3 in Long Blades
  1263 | D:2      | Reached XP level 4. HP: 40/40 MP: 3/3
  2006 | D:3      | Identified the +4 hat "Feuh" {Rampage Fly Dex-4}
  2193 | D:3      | Noticed Robin
  2198 | D:3      | Reached skill level 4 in Long Blades
  2235 | D:3      | Killed Robin
  2237 | D:3      | Reached XP level 5. HP: 42/47 MP: 4/4
  2447 | D:3      | Found a runed translucent door.
  2448 | D:3      | Noticed Crazy Yiuf
  2707 | D:4      | Reached skill level 5 in Armour
  2952 | D:4      | Noticed a black bear
  2961 | D:4      | Killed a black bear
  2962 | D:4      | Reached skill level 5 in Long Blades
  2962 | D:4      | Reached XP level 6. HP: 53/53 MP: 5/5
  3048 | D:4      | Noticed Duvessa
  3083 | D:4      | Killed Duvessa
  3084 | D:4      | Reached skill level 5 in Fighting
  3084 | D:4      | Reached skill level 1 in Dodging
  3430 | D:4      | Noticed Dowan
  3453 | D:4      | Killed Dowan
  3454 | D:4      | Reached skill level 6 in Long Blades
  3454 | D:4      | Reached XP level 7. HP: 33/61 MP: 6/6
  4142 | D:5      | Entered Level 5 of the Dungeon
  4274 | D:5      | Found a bloodstained altar of Trog.
  4291 | D:5      | Noticed Blork the orc
  4298 | D:5      | Killed Blork the orc
  4624 | D:5      | Reached skill level 7 in Long Blades
  4807 | D:4      | Mangled by an ogre

Illustrated notes

Levels and vault maps discovered:
D:1:      minmay_arrival_four_houses, layout_rooms, serial_shops, shop,
          ebering_ecumenical_altar_hall, hex_medium
D:2:      wad_crossroads, layout_rooms, basic_altar
D:3:      layout_loops_ring, serial_aquarium, aquarium_bridge_square
          [aquarium_subvault_bridge, aquarium_subvault_bridge,
          aquarium_subvault_wall, aquarium_subvault_bridge],
          aquarium_window_double, aquarium_window_corner, aquarium_window_3,
          aquarium_view_2d, aquarium_balcony_5b, aquarium_pool_2,
          uniq_crazy_yiuf_cottage, uniq_robin
D:4:      layout_basic, uniq_duvessa
D:5:      minmay_polygon_palace, layout_loops_ring,
          mainiacjoe_overflow_brackets, st_stairs_13, uniq_blork_the_orc

Skill      XL: |  1  2  3  4  5  6  7 |
---------------+----------------------+-----
Armour         | 4 5 6 |  6.7
Fighting       | 4 5 |  5.2
Shields        | 4 |  4.6
Long Blades    | 3 4 5 6 7 |  7.2
Dodging        | 1 |  1.2
Stealth        | |  0.8
Evocations     | |  0.1

Action                   |  1- 3 |  4- 6 |  7- 9 || total
-------------------------+-------+-------+-------++-------
Melee: Long sword        |    81 |   165 |    51 ||   297
       Headbutt          |    13 |    26 |    13 ||    52
Evoke: Wand              |       |     3 |       ||     3
  Use: Scroll            |     1 |     3 |     3 ||     7
 Stab: Paralysed         |       |     4 |       ||     4
Armor: Scale mail        |    39 |    31 |       ||    70
       Chain mail        |       |    43 |    28 ||    71
Dodge: Dodged            |    31 |    45 |    26 ||   102
Block: Buckler           |    15 |    31 |    12 ||    58
